[Event "22nd Hoogeveen Open 2018"]
[Site "Hoogeveen"]
[Date "2018.10.25"]
[Round "7"]
[White "Schippers, Maurice"]
[Black "Ingebretsen, Jens E"]
[Result "1/2-1/2"]
[ECO "B28"]
[WhiteElo "2272"]
[BlackElo "2160"]
[Annotator "NA"]
[PlyCount "139"]
[EventDate "2018.10.20"]
[EventType "swiss"]
[EventCountry "NED"]
[SourceTitle "playchess.com"]
[Source "ChessBase"]
[SourceQuality "1"]
[TimeControl "40/5400+30:1800+30"]

1. e4 c5 2. Nf3 a6 3. c3 d5 4. exd5 Qxd5 5. d4 e6 6. Be3 Nd7 {[%emt 0:00:33] B28: Sicilian: 2 Nf3 a6 (O'Kelly Variation)} 7. Be2 Ngf6 8. O-O {[%emt 0:02:10] LiveBook: 3 Games} Bd6 9. c4 $146 ({Predecessor:} 9. h3 O-O 10. a4 b6 11. c4 Qc6 12. Nc3 Bb7 13. d5 exd5 14. cxd5 {0-1 (41) Proschmann,T (2092)-Poetsch,H (2513) Dresden 2018}) 9... Qc6 10. h3 O-O 11. Nc3 Qc7 12. dxc5 Nxc5 13. b4 Nce4 14. Nxe4 Nxe4 15. Qd4 f5 16. c5 Be7 17. Rac1 Bd7 18. Bf4 Qd8 19. Bc4 Bf6 20. Be5 Qe7 21. Bxf6 gxf6 22. Rfe1 Kh8 23. Nd2 Bc6 (23... e5 $11 24. Qe3 Nxd2 25. Qxd2 Rad8) 24. Nxe4 fxe4 25. a4 Rad8 26. Qe3 f5 27. b5 axb5 28. axb5 Bd5 29. Bf1 Qg7 30. Rc2 Rf6 31. c6 bxc6 32. bxc6 Rc8 33. Rb1 Rf7 (33... f4 $5 34. Qc5 Rff8 $14) 34. Qf4 Rfc7 35. Rbc1 h6 ({Don't blunder} 35... Bxc6 $2 36. Qd6 $18) 36. Ba6 Rg8 37. g3 Rf8 38. Rc5 Ra8 ({Better is} 38... Rff7 $14) 39. Bc4 Ra3 40. Bxd5 Rf3 41. Qh4 exd5 42. Kg2 f4 43. g4 d4 (43... Qg5 $142 44. Qxg5 hxg5 45. Rxd5 Rd3 46. Rxg5 e3 47. fxe3 fxe3) 44. Rd5 Rc3 45. Rxc3 dxc3 46. Qd8+ Kh7 47. Rd7 $11 ({White has to play} 47. Rc5 $18) 47... Rxd7 48. cxd7 f3+ 49. Kg3 Qe5+ 50. Kh4 c2 51. Qf8 Qg5+ 52. Kg3 c1=Q 53. Qf7+ Qg7 54. Qxg7+ Kxg7 55. d8=Q Qg1+ 56. Kf4 Qxf2 57. Qe7+ Kg8 58. Qe6+ Kg7 59. Qe5+ Kg8 60. Qxe4 Qh2+ 61. Kxf3 Qxh3+ 62. Kf4 Qf1+ 63. Ke5 Kg7 64. Qb7+ Qf7 65. Qxf7+ Kxf7 66. Kf5 Kg7 67. g5 h5 68. g6 h4 69. Kg4 Kxg6 70. Kxh4 1/2-1/2

[Event "22nd Hoogeveen Open 2018"]
[Site "Hoogeveen"]
[Date "2018.10.25"]
[Round "7"]
[White "Elgersma, Simon"]
[Black "Vroombout, Enrico"]
[Result "0-1"]
[ECO "C06"]
[WhiteElo "2237"]
[BlackElo "2132"]
[Annotator "NA"]
[PlyCount "100"]
[EventDate "2018.10.20"]
[EventType "swiss"]
[EventCountry "NED"]
[SourceTitle "playchess.com"]
[Source "ChessBase"]
[SourceQuality "1"]
[TimeControl "40/5400+30:1800+30"]

1. e4 e6 2. d4 d5 3. Nd2 Nf6 4. e5 Nfd7 5. c3 c5 6. Bd3 Nc6 7. Ngf3 a5 8. O-O {[%emt 0:09:18] C06: French Tarrasch: 3...Nf6 4 e5 Nfd7 5 Bd3 main lines} a4 9. Re1 cxd4 (9... h6 10. a3 Nb6 11. Nf1 Bd7 12. Ng3 Rc8 13. dxc5 Bxc5 14. Nh5 Kf8 15. Be3 Be7 {1-0 (63) Dominguez Perez,L (2732)-Ivanchuk,V (2710) Huaian 2016}) 10. cxd4 {[%emt 0:01:14] LiveBook: 3 Games} Bb4 $146 ({Predecessor:} 10... Nb6 11. Nf1 Bd7 12. Bg5 Be7 13. Bxe7 Qxe7 14. Rc1 Nb4 15. Bb1 Bb5 16. a3 Bxf1 17. Rxf1 {1-0 (63) Popovic,D (2474)-Feygin,M (2486) playchess.com INT 2005}) 11. a3 Be7 12. Nf1 Nb6 13. Ng3 h5 14. Ne2 Na5 15. Be3 Nb3 16. Rb1 Bd7 17. Nc3 Bc6 18. Qe2 Rc8 19. Red1 Bd7 20. Nb5 Nc4 21. Bxc4 Rxc4 22. Nd6+ Bxd6 $1 23. exd6 f6 24. Nh4 g5 (24... Kf7 $15) 25. Qd3 gxh4 26. Qg6+ Kf8 27. Bh6+ Rxh6 28. Qxh6+ Kg8 29. Qg6+ Kf8 30. Qxh5 Be8 31. Qh8+ Kf7 32. Qh7+ ({Much weaker is} 32. Qxh4 Qxd6 33. Rd3 Ke7 $15) 32... Kf8 33. Qh8+ Kf7 34. Qh7+ Kf8 35. Rd3 Qxd6 36. Rf3 f5 37. g4 Nxd4 38. Rh3 fxg4 39. Qh8+ Ke7 40. Qxh4+ Kd7 41. Qxg4 Qf4 42. Rh7+ Kc6 43. Qg7 (43. Qxf4 $142 Ne2+ 44. Kf1 Nxf4 45. Rh8) 43... Qg5+ 44. Qxg5 Nf3+ 45. Kg2 Nxg5 46. Rh8 Bg6 47. Re1 Rg4+ 48. Kh1 Be4+ 49. Rxe4 $19 Nxe4 50. f3 Nf2# 0-1

[Event "22nd Hoogeveen Open 2018"]
[Site "Hoogeveen"]
[Date "2018.10.25"]
[Round "7"]
[White "Elgersma, Onno"]
[Black "Boersma, Jan"]
[Result "0-1"]
[ECO "B36"]
[WhiteElo "2223"]
[BlackElo "2047"]
[Annotator "NA"]
[PlyCount "80"]
[EventDate "2018.10.20"]
[EventType "swiss"]
[EventCountry "NED"]
[SourceTitle "playchess.com"]
[Source "ChessBase"]
[SourceQuality "1"]
[TimeControl "40/5400+30:1800+30"]

1. e4 c5 2. Nf3 g6 3. c4 Nc6 4. d4 cxd4 5. Nxd4 Nf6 6. Nc3 d6 7. Be2 Nxd4 8. Qxd4 Bg7 9. Be3 O-O 10. Qd2 Be6 11. f3 Rc8 12. Nd5 {[%emt 0:04:48] LiveBook: 16 Partien B36: Sizilianisch (Maroczy-Aufbau)} Bxd5 (12... Nxd5 13. exd5 Bd7 14. O-O e6 15. Bg5 Qb6+ 16. Be3 Qd8 17. Bg5 Qb6+ 18. Be3 {½-½ (18) Palliser,R (2418)-Emms,J (2488) Hull 2018}) 13. exd5 Nd7 14. O-O a5 15. Rab1 Nc5 16. b3 b6 $146 ({Vorgänger:} 16... Nd7 17. Rfc1 b6 18. Bf1 Nc5 19. Re1 e6 20. dxe6 fxe6 {0-1 (47) Guanciale,O-Sardini,P Italy 1984}) 17. Rfc1 Qd7 18. Bf1 Qf5 19. Re1 Rfe8 20. a3 Ra8 21. Kh1 Be5 22. Be2 (22. b4 $16 Nd7 23. Rb3) 22... h5 23. Rec1 a4 24. f4 Bg7 ({Much worse is} 24... Nxb3 $6 25. Rxb3 axb3 26. Bd3 $11) (24... Ne4 $17 25. Qb4 {[#]} Bc3 $1 26. Qxb6 Reb8) 25. Bxc5 bxc5 26. Rf1 axb3 27. Rxb3 Reb8 28. Qd1 Bd4 29. Bd3 Qf6 30. f5 (30. Rxb8+ $11 {was the only way to keep the balance.} Rxb8 31. f5) 30... Rxb3 31. Qxb3 {[%emt 0:00:11] [#]} g5 $1 32. Re1 Kg7 33. a4 g4 34. Qd1 Qh4 35. g3 Qg5 36. Re4 {[%emt 0:00:14] [#]} Rxa4 $1 37. Bb1 $19 Rb4 38. Bc2 Rxc4 39. f6+ exf6 40. Kg2 Qxd5 0-1

[Event "22nd Hoogeveen Open 2018"]
[Site "Hoogeveen"]
[Date "2018.10.25"]
[Round "7"]
[White "Zarkovic, Mila"]
[Black "Verhoef, Pieter"]
[Result "1/2-1/2"]
[ECO "B81"]
[WhiteElo "2213"]
[BlackElo "2058"]
[Annotator "NA"]
[PlyCount "69"]
[EventDate "2018.10.20"]
[EventType "swiss"]
[EventCountry "NED"]
[SourceTitle "playchess.com"]
[Source "ChessBase"]
[SourceQuality "1"]
[TimeControl "40/5400+30:1800+30"]

1. e4 c5 2. Nf3 d6 3. d4 cxd4 4. Nxd4 Nf6 5. Nc3 a6 6. h3 e6 7. g4 d5 {[%emt 0:00:04] B81: Sicilian Scheveningen: Keres Attack} (7... h6 8. Bg2 g5 9. Be3 Nbd7 10. Qe2 Ne5 11. O-O-O Nfd7 12. h4 Rg8 13. hxg5 hxg5 14. Kb1 b5 15. f4 gxf4 16. Bxf4 Bb7 {½-½ (56) Karjakin,S (2773)-Mamedyarov,S (2801) Saint Louis 2018}) 8. Nde2 Nxe4 9. Nxe4 dxe4 10. Qxd8+ Kxd8 11. Bg2 f5 $146 ({Predecessor:} 11... Bd7 12. Bxe4 Bc6 13. Ng3 Be7 14. Be3 Bxe4 15. Nxe4 {½-½ (55) Pablos Tenrero,R (1965)-Martos de la Vega,A (1956) Mostoles 2014}) 12. gxf5 exf5 13. Be3 Nc6 14. O-O-O+ Ke8 15. f3 g5 16. fxe4 f4 17. Bb6 Bg7 18. Bf3 h5 $1 19. Rhg1 Bf6 20. Nc3 Bxh3 21. Nd5 Kf7 22. Nxf6 Kxf6 23. Rd6+ Be6 24. e5+ Kf5 25. Re1 Rae8 {[%emt 0:05:30] [#]} (25... Rhe8 $11 26. Be4+ (26. Bxh5 g4 $17) 26... Kxe5) 26. Be4+ $1 Kxe5 27. Bc7 Kf6 28. Bd5 $16 Ne5 29. Bd8+ Kf5 30. Be4+ Kg4 31. Rg1+ Kh3 32. Rh1+ Kg4 33. Rg1+ Kh3 34. Rh1+ Kg4 35. Rg1+ 1/2-1/2

[Event "22nd Hoogeveen Open 2018"]
[Site "Hoogeveen"]
[Date "2018.10.25"]
[Round "7"]
[White "Damen, Jip"]
[Black "Van de Pavoordt, Max"]
[Result "1-0"]
[ECO "A11"]
[WhiteElo "2192"]
[BlackElo "2034"]
[Annotator "NA"]
[PlyCount "63"]
[EventDate "2018.10.20"]
[EventType "swiss"]
[EventCountry "NED"]
[SourceTitle "playchess.com"]
[Source "ChessBase"]
[SourceQuality "1"]
[TimeControl "40/5400+30:1800+30"]

1. Nf3 d5 2. c4 c6 3. e3 Nf6 4. Nc3 e6 5. Qc2 Nbd7 6. Be2 {[%emt 0:00:55] A11: English Opening: 1...c6} (6. b3 Bd6 7. Bb2 O-O 8. Be2 Qe7 (8... Re8 9. h3 dxc4 10. bxc4 e5 11. d3 Nc5 12. Rd1 Qe7 13. O-O h6 14. Rfe1 Bf5 15. Qc1 e4 16. dxe4 Nfxe4 17. Nxe4 Nxe4 {0-1 (60) Korotylev,A (2600)-Dreev,A (2607) Moscow 2007}) 9. O-O b6 10. cxd5 cxd5 11. Nb5 Ba6 12. Qd1 Bxb5 13. Bxb5 a6 14. Be2 Ba3 15. Qc1 Bxb2 16. Qxb2 {½-½ (33) Ivanchuk,V (2728)-Duda,J (2707) Tbilisi 2017}) 6... Bd6 7. Rg1 $146 Ne5 8. Nxe5 Bxe5 9. f4 Bc7 10. d4 Ba5 11. Bd2 Bxc3 12. Bxc3 Ne4 13. O-O-O Qh4 14. Bf3 Nd6 (14... Nxc3 $11 {remains equal.} 15. bxc3 O-O) 15. c5 Nc4 16. g3 Qd8 17. Rde1 a5 18. e4 a4 19. Be2 b5 20. cxb6 (20. Bd3 $142) 20... Qxb6 21. Bxc4 dxc4 22. d5 O-O 23. d6 (23. dxe6 $14 Bxe6 24. f5) 23... c5 24. e5 a3 25. Re2 (25. b3 $15) 25... Bd7 26. g4 Rfb8 27. Qe4 Bc6 28. Qe3 $17 axb2+ 29. Rxb2 Qa7 30. Rd1 Rb6 31. Rb4 Rxb4 32. Bb2 1-0

[Event "22nd Hoogeveen Open 2018"]
[Site "Hoogeveen"]
[Date "2018.10.25"]
[Round "7"]
[White "Rakshitta, Ravi"]
[Black "Den Hartog, Marijn"]
[Result "1-0"]
[ECO "D79"]
[WhiteElo "2160"]
[BlackElo "2296"]
[Annotator "NA"]
[PlyCount "77"]
[EventDate "2018.10.20"]
[EventType "swiss"]
[EventCountry "NED"]
[SourceTitle "playchess.com"]
[Source "ChessBase"]
[SourceQuality "1"]
[TimeControl "40/5400+30:1800+30"]

1. Nf3 Nf6 2. g3 d5 3. Bg2 g6 4. O-O Bg7 5. d4 O-O 6. c4 c6 7. cxd5 cxd5 8. b3 {[%emt 0:03:47] D79: Fianchetto Grünfeld: Symmetrical Variation (6 0-0 c6 7 cxd5 cxd5)} (8. Ne5 e6 9. Nc3 Nfd7 10. f4 Nc6 11. Be3 Nb6 12. Bf2 Ne7 13. Na4 f6 14. Nxb6 axb6 15. Nd3 Nf5 16. Qb3 Nd6 17. Rfc1 Bd7 18. a4 Rf7 19. Qd1 Bf8 20. b3 Ne4 {½-½ (58) Pantsulaia,L (2587)-Cheparinov,I (2718) Abu Dhabi 2018}) 8... Nc6 9. Bb2 {[%emt 0:02:30] LiveBook: 3 Games} Qa5 $146 ({Predecessor:} 9... Bf5 10. Nbd2 Rc8 11. Nh4 Be6 12. Ndf3 h6 13. Ne1 Qb6 14. e3 Bg4 15. Nhf3 Ne4 16. h3 Bf5 17. Nh4 Bd7 {½-½ (32) Tazlar,P (2239)-Drabek,V (2151) Czech Republic 2017}) 10. Qd2 Qxd2 11. Nbxd2 Be6 12. Rfc1 Rfc8 13. a3 a5 14. e3 h6 15. Bf1 Rcb8 16. Bb5 Na7 17. Be2 b5 18. Ne5 Nc8 19. Rc7 ({Lieber} 19. Nc6 $16) 19... Ne8 20. Rc5 Ncd6 21. Nc6 Rb7 22. a4 bxa4 23. Nxa5 Rbb8 24. Rxa4 Ne4 25. Nxe4 dxe4 26. Bc4 Bxc4 27. Nxc4 Rxa4 28. bxa4 Nd6 29. Nxd6 exd6 30. Rb5 Ra8 31. a5 Kf8 32. Ba3 Ke7 33. Bb4 Bf8 34. d5 Ra7 35. Bc3 Kd8 36. Bd4 Ra8 37. Rb7 Be7 $18 38. Ba7 Rc8 39. a6 1-0

[Event "22nd Hoogeveen Open 2018"]
[Site "Hoogeveen"]
[Date "2018.10.25"]
[Round "7"]
[White "Clemens, Adrian"]
[Black "Van der Hagen, Loek"]
[Result "1-0"]
[ECO "A57"]
[WhiteElo "2153"]
[BlackElo "1820"]
[Annotator "NA"]
[PlyCount "85"]
[EventDate "2018.10.20"]
[EventType "swiss"]
[EventCountry "NED"]
[SourceTitle "playchess.com"]
[Source "ChessBase"]
[SourceQuality "1"]
[TimeControl "40/5400+30:1800+30"]

1. d4 Nf6 2. c4 c5 3. d5 b5 4. Qc2 bxc4 5. e4 e6 {[%emt 0:00:07] A57: Benko/Volga Gambit} (5... d6 6. Bxc4 g6 7. Nc3 Bg7 8. Nf3 Nbd7 9. h3 O-O 10. O-O Rb8 11. Re1 Nh5 12. Be2 Ne5 13. Nxe5 Bxe5 14. Bxh5 gxh5 15. Bh6 Re8 16. Qd2 Kh8 17. Bf4 Bd4 18. Be3 {0-1 (63) Dreev,A (2644)-Perunovic,M (2622) Berlin 2015}) 6. Bxc4 exd5 7. exd5 d6 8. Nc3 Be7 9. Nge2 O-O 10. O-O {[%emt 0:01:36] LiveBook: 14 Games} Nbd7 11. Bf4 Nh5 12. Be3 Ne5 13. b3 $146 ({Predecessor:} 13. Bb5) 13... f5 14. f4 Ng4 (14... Nxc4 $15 15. bxc4 Bf6) 15. Bc1 Rf6 16. h3 Nh6 17. Qd3 Rg6 18. Qf3 Nf6 19. Ng3 Nd7 20. Nh5 Bh4 21. Bb2 Nf6 22. Nxf6+ Bxf6 23. Nd1 Bxb2 24. Nxb2 Qh4 25. Qe3 Bd7 $1 26. Rf3 Re8 27. Qf2 Qf6 28. Rd1 Nf7 (28... Ng4 $1 $11 29. hxg4 fxg4) 29. Nd3 Re4 30. Re3 Qe7 ({Black should try} 30... h5 $14) 31. Rde1 Nh6 {[%emt 0:04:47] [#]} 32. Nxc5 $1 Rxe3 33. Rxe3 Qd8 34. Ne6 Qf6 35. Re2 Qa1+ 36. Re1 Qc3 37. Qe3 Qb2 (37... Qxe3+ $142 38. Rxe3 a5) 38. Re2 Qa1+ 39. Kf2 Qh1 40. Ng5 $18 Rf6 41. Re1 Qh2 42. Nf3 Ng4+ 43. hxg4 1-0

[Event "22nd Hoogeveen Open 2018"]
[Site "Hoogeveen"]
[Date "2018.10.25"]
[Round "7"]
[White "Pham, Khoi"]
[Black "Van Foreest, Machteld"]
[Result "0-1"]
[ECO "C11"]
[WhiteElo "2153"]
[BlackElo "1934"]
[Annotator "NA"]
[PlyCount "72"]
[EventDate "2018.10.20"]
[EventType "swiss"]
[EventCountry "NED"]
[SourceTitle "playchess.com"]
[Source "ChessBase"]
[SourceQuality "1"]
[TimeControl "40/5400+30:1800+30"]

1. e4 e6 2. d4 d5 3. Nc3 Nf6 4. e5 Nfd7 5. f4 c5 6. Nf3 Nc6 7. Be3 a6 8. Qd2 b5 9. dxc5 Bxc5 10. Bxc5 Nxc5 11. Qf2 Qb6 12. Bd3 b4 13. Ne2 a5 14. O-O Ba6 15. Rad1 {[%emt 0:01:44] LiveBook: 12 Games [#] C11: French: Classical System: 4 e5 and 4 Bg5 dxe4} a4 $146 ({Predecessor:} 15... Na4 16. Qxb6 Nxb6 17. b3 Ke7 18. Ned4 Nxd4 19. Nxd4 g6 20. Bxa6 Rxa6 21. a3 bxa3 22. Ra1 Rha8 23. Rxa3 Nd7 24. Rfa1 Nb8 25. Kf2 Nc6 26. Ke3 Rc8 27. c3 {½-½ (27) Stukopin,A (2495)-Shimanov,A (2640) Moscow 2013}) 16. Nfd4 Nxd4 17. Nxd4 b3 18. axb3 Bxd3 19. cxd3 Nxb3 20. Nxb3 Qxf2+ 21. Kxf2 axb3 22. Ke3 Kd7 23. g4 Ra2 24. Rd2 Rc8 25. Rff2 Rc1 26. f5 Rg1 27. h3 Rh1 28. Rh2 Re1+ 29. Rde2 Rxb2 30. Rxe1 Rxh2 31. Rb1 b2 32. Kd4 Rc2 33. Ke3 Kc6 34. d4 $19 Rh2 35. h4 Kb5 36. fxe6 fxe6 0-1

[Event "22nd Hoogeveen Open 2018"]
[Site "Hoogeveen"]
[Date "2018.10.25"]
[Round "7"]
[White "Mellema, Andries"]
[Black "Winkels, Marcel"]
[Result "0-1"]
[ECO "B90"]
[WhiteElo "2140"]
[BlackElo "1935"]
[Annotator "NA"]
[PlyCount "116"]
[EventDate "2018.10.20"]
[EventType "swiss"]
[EventCountry "NED"]
[SourceTitle "playchess.com"]
[Source "ChessBase"]
[SourceQuality "1"]
[TimeControl "40/5400+30:1800+30"]

1. e4 c5 2. Nf3 d6 3. d4 cxd4 4. Nxd4 Nf6 5. Nc3 a6 6. h3 e5 7. Nde2 h5 {[%emt 0:00:06] B90: Sicilian Najdorf: Unusual White 6th moves, 6 Be3 Ng4 and 6 Be3 e5} (7... b5 8. Ng3 Nbd7 9. Bg5 h6 10. Be3 Bb7 11. Bd3 h5 12. Bg5 g6 13. O-O Be7 14. a3 h4 15. Nge2 Nc5 16. Bxf6 Bxf6 {1-0 (48) Dominguez Perez,L (2739)-Vachier Lagrave,M (2779) chess.com INT 2018}) 8. Bg5 Be6 9. Bxf6 Qxf6 10. Nd5 Qd8 11. Qd3 Nd7 {[%emt 0:00:35] LiveBook: 34 Games} 12. Nec3 g6 13. O-O-O Nc5 14. Qe2 {[%emt 0:08:33] [#]} Bg7 $146 ({Predecessor:} 14... Bh6+ 15. Kb1 {1-0 (40) Sengupta,D (2575)-Fier,A (2590) Hastings 2017}) 15. g3 b5 16. a3 Rb8 17. Kb1 O-O 18. g4 ({White must play} 18. Qe3 $1 $14) 18... h4 19. Bg2 Bd7 20. Qd2 a5 21. Na2 Bc6 22. f3 Bxd5 23. Qxd5 Rb6 24. Qd2 Qa8 25. Nc3 b4 26. Nd5 $1 Rb7 27. Ka1 Rfb8 28. Rb1 Qa7 29. g5 bxa3 30. b3 Ne6 31. Ka2 Qd4 32. Qxd4 exd4 33. f4 d3 34. cxd3 Bb2 35. e5 Rxb3 36. Nf6+ (36. exd6 $17 {was called for.} Kg7 37. Be4) 36... Kh8 (36... Kg7 $19 {has better winning chances.} 37. Bd5 Rxd3 38. Bxe6 fxe6) 37. Bd5 Rxd3 (37... R3b4 $17 38. Bxe6 fxe6 39. exd6 Bxf6 40. Rxb4 (40. gxf6 Kg8 $17) 40... axb4 41. gxf6 Kg8) 38. Bxe6 fxe6 {[%emt 0:00:28] [#]} 39. Rhd1 $2 {[%emt 0:00:41] [#]} (39. Rhc1 $1 $11 Rd2 (39... Bxc1 40. Rxb8+) 40. Rc7 Bd4+ 41. Kxa3 Bc5+ 42. Rxc5 Rd3+ 43. Ka2 Rd2+ 44. Ka3 Rd3+ 45. Ka2 Rd2+ 46. Ka3) 39... Rxd1 $1 40. Rxd1 d5 41. Rg1 Kg7 42. Rg4 a4 $2 (42... Rh8 $19 43. Kb1 Bd4) 43. Nd7 $2 (43. Rxh4 $11 Rh8 44. Rxh8 Kxh8 45. Nd7) 43... Rd8 44. Nc5 Rc8 45. Nxa4 Bc1 46. Rxh4 d4 47. f5 Rc2+ 48. Kb1 a2+ 49. Ka1 $19 gxf5 50. Rxd4 Bxg5 51. Nb2 Bc1 52. Nd1 f4 53. Ra4 Be3 54. Nb2 f3 55. Nd3 f2 56. Nxf2 Bxf2 57. Rg4+ Kf7 58. Re4 Rd2 0-1

[Event "22nd Hoogeveen Open 2018"]
[Site "Hoogeveen"]
[Date "2018.10.25"]
[Round "7"]
[White "Thrish Karthik"]
[Black "Hamblok, Roel"]
[Result "0-1"]
[ECO "B13"]
[WhiteElo "2116"]
[BlackElo "2275"]
[Annotator "NA"]
[PlyCount "124"]
[EventDate "2018.10.20"]
[EventType "swiss"]
[EventCountry "NED"]
[SourceTitle "playchess.com"]
[Source "ChessBase"]
[SourceQuality "1"]
[TimeControl "40/5400+30:1800+30"]

1. d4 Nf6 2. Bf4 d5 3. e3 c5 4. Nc3 cxd4 5. exd4 a6 {[%emt 0:00:04] B13: Caro-Kann: Exchange Variation and Panov-Botvinnik Attack} 6. Nf3 Nc6 7. Ne5 e6 8. Nxc6 bxc6 9. Na4 Bd6 10. Bxd6 {[%emt 0:06:22] LiveBook: 6 Partien} Qxd6 11. Bd3 O-O 12. O-O Rb8 $146 ({Predecessor:} 12... e5 13. dxe5 Qxe5 {½-½ (32) Alekseenko,K (2639)-Sychev,K (2534) Sochi 2018}) 13. f4 Nd7 14. b3 c5 15. Nxc5 Nxc5 16. dxc5 Qxc5+ 17. Kh1 g6 18. Qe2 d4 19. Qe5 Qb6 20. Rae1 Bb7 21. Qf6 Qd8 22. Qxd8 Rfxd8 23. Re5 Bd5 24. Kg1 a5 25. a4 Rbc8 26. Rd1 Rc7 27. Kf2 Kg7 28. Rd2 h6 29. Re1 Rdc8 30. Be4 (30. b4 $11) 30... Bxe4 31. Rxe4 Rxc2 32. Rexd4 R8c3 33. Rxc2 Rxc2+ 34. Kg1 Rc3 35. b4 axb4 36. Rxb4 Rc2 37. h3 g5 38. fxg5 hxg5 39. h4 gxh4 40. Rxh4 Ra2 41. Re4 Kf6 42. g4 e5 43. Rb4 Kg5 44. Rb7 f6 ({Don't play} 44... Rxa4 45. Rxf7 Kxg4 46. Kf1 $17) 45. Rg7+ Kh6 46. Ra7 Rb2 47. a5 {[%emt 0:02:46] [#]} Rb4 $1 48. a6 Rxg4+ 49. Kf2 Ra4 50. Ra8 Kg5 51. Ke3 $2 {[%emt 0:00:32] [#]} (51. a7 $17 Kf4 52. Rf8 Ra2+ 53. Ke1 Rxa7 54. Rxf6+ Ke3 55. Kd1) 51... Kf5 $2 (51... f5 $1 $19 {and Black stays clearly on top.} 52. Rg8+ Kf6) 52. a7 Ra3+ 53. Ke2 e4 54. Kf2 Kf4 55. Ke2 f5 56. Kf2 Ra2+ 57. Kg1 $19 e3 58. Kf1 Kf3 59. Kg1 e2 60. Re8 Rxa7 61. Re5 f4 62. Kh2 Kf2 0-1

[Event "22nd Hoogeveen Open 2018"]
[Site "Hoogeveen"]
[Date "2018.10.25"]
[Round "7"]
[White "Hilwerda, Jonas"]
[Black "Hulshof, Peter"]
[Result "1-0"]
[ECO "B15"]
[WhiteElo "2109"]
[BlackElo "2168"]
[Annotator "NA"]
[PlyCount "59"]
[EventDate "2018.10.20"]
[EventType "swiss"]
[EventCountry "NED"]
[SourceTitle "playchess.com"]
[Source "ChessBase"]
[SourceQuality "1"]
[TimeControl "40/5400+30:1800+30"]

1. e4 {[%emt 0:00:00] Yermolinsky,A} g6 2. d4 Bg7 3. Nc3 c6 4. f4 d5 5. e5 Nh6 6. Nf3 f6 7. Be3 {[%emt 0:00:48] B15: Caro-Kann: 3 Nc3: 3...g6 and 3...dxe4 4 Nxe4 Nf6 5 Nxf6+ exf6} O-O 8. h3 {[%emt 0:14:30] LiveBook: 15 Games} b6 ({Predecessor:} 8... Qb6 $146 9. Qd2 Qxb2 10. Rb1 Qa3 11. g4 Nf7 12. Bd3 fxe5 13. dxe5 Na6 14. Rb3 Qa5 {1-0 (31) Robson,R (2668)-Shabalov,A (2556) Saint Louis 2017 CBM 178 [Yermolinsky,A]}) 9. Qd2 Nd7 10. g4 fxe5 11. dxe5 Nc5 12. Nd4 Qc7 13. Bg2 e6 14. b4 Nb7 15. Nce2 Nf7 16. c4 dxc4 17. Bxc6 g5 18. O-O gxf4 19. Nxf4 Nxe5 20. Be4 Qe7 21. Nh5 Nf7 22. Rf3 Rb8 23. Nc6 Qc7 24. Nxg7 Kxg7 25. Nxb8 Nbd6 26. Bc6 Qxb8 27. Raf1 Rd8 28. Bh6+ Kg8 29. Qg5+ Nxg5 30. Rf8+ 1-0

[Event "22nd Hoogeveen Open 2018"]
[Site "Hoogeveen"]
[Date "2018.10.25"]
[Round "7"]
[White "De Boer, Bas"]
[Black "Kokje, Joris"]
[Result "1/2-1/2"]
[ECO "A87"]
[WhiteElo "2102"]
[BlackElo "2232"]
[Annotator "NA"]
[PlyCount "64"]
[EventDate "2018.10.20"]
[EventType "swiss"]
[EventCountry "NED"]
[SourceTitle "playchess.com"]
[Source "ChessBase"]
[SourceQuality "1"]
[TimeControl "40/5400+30:1800+30"]

1. d4 f5 2. g3 Nf6 3. Bg2 g6 4. Nf3 Bg7 5. O-O d6 6. b3 O-O 7. Bb2 c6 8. c4 a5 9. Nbd2 Qc7 {[%emt 0:00:36] A87: Holländische Verteidigung (Leningrader Variante)} 10. Qc2 Na6 11. a3 Re8 12. e4 fxe4 13. Nxe4 Nxe4 14. Qxe4 {[%emt 0:00:07] LiveBook: 4 Games} Bf5 15. Qe3 {[%emt 0:01:27] [#]} c5 $146 ({Vorgänger:} 15... e5 $11 {hält das Gleichgewicht.} 16. dxe5 dxe5 17. Ng5 Bh6 18. h4 {0-1 (55) Georgiev,K (2596)-Cheparinov,I (2693) Kozloduy 2018}) 16. Ng5 cxd4 17. Bd5+ (17. Bxd4 $16 Bxd4 18. Qxd4) 17... e6 $1 18. Nxe6 Bxe6 19. Bxe6+ Kh8 20. Bxd4 Nc5 21. Bxc5 $1 Bxa1 22. Bb6 ({Reject} 22. Rxa1 dxc5 23. Qc3+ Qg7 $17) 22... Qe7 23. Bd5 Qg7 24. Qd3 Be5 25. h4 Re7 26. Kg2 a4 27. b4 Rf8 28. Be3 Rfe8 29. Bg5 Bf6 30. Be3 Be5 31. Bg5 Bf6 $16 32. Bf4 Be5 1/2-1/2

[Event "22nd Hoogeveen Open 2018"]
[Site "Hoogeveen"]
[Date "2018.10.25"]
[Round "7"]
[White "Mijnheer, Peter"]
[Black "Klaren, Duncan"]
[Result "0-1"]
[ECO "B92"]
[WhiteElo "2092"]
[BlackElo "1950"]
[Annotator "NA"]
[PlyCount "102"]
[EventDate "2018.10.20"]
[EventType "swiss"]
[EventCountry "NED"]
[SourceTitle "playchess.com"]
[Source "ChessBase"]
[SourceQuality "1"]
[TimeControl "40/5400+30:1800+30"]

1. e4 c5 2. Nf3 d6 3. d4 cxd4 4. Nxd4 Nf6 5. Nc3 a6 6. Be2 e5 7. Nb3 Be7 8. O-O O-O 9. Qd3 Be6 10. Bd2 {[%emt 0:00:08] B92: Sicilian Najdorf: 6 Be2} Nbd7 11. Nd5 Bxd5 12. exd5 Ne8 {[%emt 0:02:56] LiveBook: 6 Games} (12... Nc5 13. Nxc5 dxc5 14. c4 Bd6 15. Qh3 e4 16. f4 exf3 17. Rxf3 Qd7 {½-½ (28) Nepomniachtchi,I (2751)-Karjakin,S (2773) Saint Louis 2017}) 13. Qh3 Ndf6 $146 ({Predecessor:} 13... f5 14. Na5 Qc7 15. c4 g6 16. Rac1 Nb8 17. g4 f4 {1-0 (35) Carapinha,F (2310)-Yazgeldiev,K (2318) ICCF email 2013}) 14. c4 a5 15. Rad1 a4 16. Nc1 Ne4 17. Bd3 N8f6 18. Be3 Qc8 19. Qf3 Nc5 20. Bf5 Qc7 21. Qh3 g6 22. Bb1 Qd7 23. Qg3 Nfe4 24. Qf3 f5 25. Qe2 f4 26. Bxc5 f3 27. Qxe4 Rf4 28. Qxf4 exf4 29. Be4 fxg2 30. Bxg2 dxc5 31. Nd3 Rf8 32. f3 Rf5 33. Nf2 Rf6 34. Ne4 Rb6 35. Rd2 Kg7 36. d6 Bf6 37. Nxc5 $19 {[%emt 0:00:21] [#]} (37. Nxf6 $18 {and life is good for White.} Kxf6 {[#]} 38. Bh3 $1 Rxd6 39. Bxd7 Rxd2 40. Bxa4) 37... Qc6 $1 38. Ne4 Rxb2 39. Rxb2 Bxb2 40. Rd1 Qxc4 41. d7 Bd4+ 42. Kh1 Bb6 43. Bf1 Qxa2 44. d8=Q Bxd8 45. Rxd8 Qb1 46. Rd7+ Kh6 47. Kg2 a3 48. Bc4 Qc2+ 49. Kh3 Qxc4 50. Nf6 Qe6+ 51. Ng4+ Kg5 0-1